 Dungeon Crawl Stone Soup version 0.29-a0-323-g050149af67 (webtiles) character file.

Game seed: 15029344015137461850

427 Essalna the Skirmisher (level 6, -2/57 HPs)
             Began as a Hill Orc Fighter on Apr 10, 2022.
             Succumbed to a water moccasin's poison
             ... on level 3 of the Dungeon.
             The game lasted 00:04:43 (2492 turns).

Essalna the Skirmisher (Hill Orc Fighter)           Turns: 2492, Time: 00:04:44

Health: -2/57      AC: 11    Str: 21    XL:     6   Next: 97%
Magic:  6/6        EV:  9    Int:  8    God:
Gold:   71         SH:  0    Dex: 10    Spells: 5/5 levels left

rFire   . . .      SeeInvis .   a - +0 war axe
rCold   . . .      Faith    .   t - orb {*Rage}
rNeg    . . .      Spirit   .   b - +0 scale mail
rPois   .          Reflect  .   (no helmet)
rElec   .          Harm     .   o - scarf {shadows}
rCorr   .          Rampage  .   s - +2 pair of gloves
Will    .....      Rage     20% j - +0 pair of boots
Stlth   ..........              (no amulet)
HPRegen 0.19/turn               (no ring)
MPRegen 0.10/turn               (no ring)

@: mighty, lethally poisoned (-2 -> -14), flying
A: no striking features
a: no special abilities


You were on level 3 of the Dungeon.
You visited 1 branch of the dungeon, and saw 3 of its levels.

You collected 214 gold pieces.
You spent 143 gold pieces at shops.

Inventory:

Hand Weapons
 a - a +0 war axe (weapon)
Armour
 b - a +0 scale mail (worn)
 c - a +0 buckler
 j - a +0 pair of boots (worn)
 o - a scarf of shadows (worn)
 s - a +2 pair of gloves (worn)
 t - an orb of wrath (worn)
Scrolls
 e - 2 scrolls of teleportation {unknown}
 h - a scroll of vulnerability {unknown}
 i - a scroll of fog {unknown}
 l - 3 scrolls of identify {unknown}
 m - a scroll of holy word {unknown}
 p - 4 scrolls of fear {unknown}
 r - 2 scrolls of immolation {unknown}
Potions
 g - a potion of flight
 k - a potion of degeneration {unknown}
 n - a potion of attraction {unknown}
 q - a potion of haste {unknown}


   Skills:
 + Level 5.8 Fighting
 + Level 5.6 Axes
 + Level 5.2 Armour
 - Level 4.1 Shields


You had 5 spell levels left.
You didn't know any spells.
Your spell library contained the following spells:

 Spells                   Type           Power      Damage    Failure   Level
 Foxfire                  Conj/Fire      0%         2x1d4     73%         1


Dungeon Overview and Level Annotations

Branches:
Dungeon (3/15)

Altars:

Shops:
D:1 [   D:3 [

Annotations:
D:2 1 runed translucent door, Crazy Yiuf


Message History

The water moccasin bites you but does no damage.
You feel better. The water moccasin bites you.
You are poisoned.
The water moccasin poisons you! The water moccasin barely misses you.
You miss the water moccasin.
The water moccasin is moderately wounded.
You feel very sick.
The water moccasin bites you but does no damage.
The water moccasin bites you!
* * * LOW HITPOINT WARNING * * *
You feel better. The water moccasin closely misses you.
You feel very mighty all of a sudden.
The water moccasin bites you but does no damage.
You miss the water moccasin.
The water moccasin is moderately wounded.
The water moccasin bites you.
* * * LOW HITPOINT WARNING * * *
The water moccasin barely misses you.
You slash the water moccasin!
The water moccasin is severely wounded.
The water moccasin bites you.
* * * LOW HITPOINT WARNING * * *
The water moccasin bites you but does no damage.
You completely miss the water moccasin.
The water moccasin is severely wounded.
The water moccasin bites you but does no damage. x2
You miss the water moccasin.
The water moccasin is severely wounded.
The water moccasin bites you!
* * * LOW HITPOINT WARNING * * *
You are lethally poisoned!
The water moccasin poisons you!
You slash the water moccasin!
You kill the water moccasin!
* * * LOW HITPOINT WARNING * * *
You feel very sick.
It was a potion of flight.
You feel very buoyant.
You fly up into the air.
You die...

#####.############
.................#
.....>##########.#
......# #.#
#####.# #.# #.#
#.# #.# #.# #.#
#.# #@# #†# #(#
#.# #.# #.# #.#


There were no monsters in sight!

Vanquished Creatures
  Grinder (D:3)
  A water moccasin (D:3)
  An iguana (D:3)
  Ijyb (D:3)
  3 adders
  A worm (D:2)
  2 dart slugs
  6 bats
  6 endoplasms
  8 goblins
  4 hobgoblins
  4 jackals (D:2)
  3 quokkas (D:1)
  6 ball pythons
  A frilled lizard (D:3)
  5 kobolds
  5 rats
58 creatures vanquished.

Vanquished Creatures (others)
  2 plants (D:2)
2 creatures vanquished.

Grand Total: 60 creatures vanquished

Notes
Turn   | Place    | Note
-------+----------+-------------------------------------------
     0 | D:1      | Essalna the Hill Orc Fighter began the quest for the Orb.
     0 | D:1      | Reached XP level 1. HP: 19/19 MP: 1/1
   171 | D:1      | Reached XP level 2. HP: 15/27 MP: 2/2
   687 | D:1      | You fall into a shaft and drop 1 floor!
   760 | D:2      | Reached XP level 3. HP: 26/33 MP: 3/3
   863 | D:2      | Found a faded altar of an unknown god.
   871 | D:2      | Got Plato's Handbook of Ignition
   959 | D:1      | Found Dapiv's Armour Emporium.
  1474 | D:2      | Reached XP level 4. HP: 38/40 MP: 4/4
  1816 | D:2      | Found a runed translucent door.
  1817 | D:2      | Noticed Crazy Yiuf
  2142 | D:3      | Noticed Grinder
  2158 | D:3      | Paralysed by Grinder for 6 turns
  2166 | D:3      | Killed Grinder
  2167 | D:3      | Reached skill level 5 in Fighting
  2167 | D:3      | Reached skill level 5 in Axes
  2167 | D:3      | Reached XP level 5. HP: 30/48 MP: 5/5
  2167 | D:3      | Reached XP level 6. HP: 35/56 MP: 6/6
  2330 | D:3      | Found Byn Camu's Armour Emporium.
  2336 | D:3      | Bought an orb of wrath for 143 gold pieces
  2347 | D:3      | Noticed Ijyb
  2358 | D:3      | Killed Ijyb
  2359 | D:3      | Reached skill level 5 in Armour
  2470 | D:3      | Noticed a water moccasin
  2491 | D:3      | Killed a water moccasin
  2491 | D:3      | HP: 1/56 [poisoned by a water moccasin]
  2492 | D:3      | Succumbed to a water moccasin's poison

Illustrated notes

Levels and vault maps discovered:
D:1:      onia_arrival_handbag, layout_basic, serial_shops,
          nicolae_shop_window_shopping
D:2:      layout_basic, shapermc_ecumenical_altar_rom_forum,
          corexii_hall_statues_t, uniq_crazy_yiuf_cottage
D:3:      layout_basic, nicolae_qazlal_style_of_elements, serial_shops, shop,
          minmay_misc_feat_tower, uniq_ijyb, uniq_grinder

Skill      XL: |  1  2  3  4  5  6 |
---------------+-------------------+-----
Axes           | 3 5 |  5.6
Fighting       | 4 5 |  5.8
Armour         | 4 5 |  5.2
Shields        | 4 |  4.1

Action                   |  1- 3 |  4- 6 || total
-------------------------+-------+-------++-------
Melee: War axe           |   105 |    66 ||   171
  Use: Potion            |       |     6 ||     6
Armor: Scale mail        |    70 |    31 ||   101
Dodge: Dodged            |    42 |    24 ||    66
Block: Buckler           |    22 |    10 ||    32

Table legend: (Time is in decaauts)
 A = Elapsed time spent in this place.
 B = Non-inter-level travel time spent in this place.
 C = Inter-level travel time spent in this place.
 D = Time resting spent in this place.
 E = Time spent auto-exploring this place.
 F = Levels seen in this place.
 G = Mean time per level.
                   A        B        C        D        E       F      G
               +--------+--------+--------+--------+--------+-----+--------+
         Total |   2559 |   2481 |     78 |      0 |   1993 |   3 |  853.0 |
       Dungeon |   2559 |   2481 |     78 |      0 |   1993 |   3 |  853.0 |
               +--------+--------+--------+--------+--------+-----+--------+

Top non-repeatable levels by time:
     D:1: 1140 daAuts
     D:2: 821 daAuts
     D:3: 597 daAuts
